TOP OF THE 1ST |
Washington Nationals batting - Pitching for Cincinnati Reds : LHP Jeff Baker
|
Pitching: LHP Jeff Baker
|
|
Batting: RHB Luis Torres
|
0-0: Ground out 6-3 (Groundball, 6, EV 80.0 MPH)
|
Batting: RHB C.J. Beavers
|
0-0: Called Strike 0-1: Ball 1-1: Called Strike 1-2: Ball 2-2: Ball 3-2: Foul Ball, location: 2F 3-2: Foul Ball, location: 2F 3-2: Fly out, F7 (Flyball, 7, EV 88.8 MPH)
|
Batting: SHB Junzo Kato
|
0-0: Ball 1-0: Ball 2-0: Swinging Strike 2-1: Foul Ball, location: 2F 2-2: Fly out, F9 (Flyball, 9LD, EV 100.6 MPH)
|
Top of the 1st over - 0 runs, 0 hits, 0 errors, 0 left on base; Washington 0 - Cincinnati 0 |
BOTTOM OF THE 1ST |
Cincinnati Reds batting - Pitching for Washington Nationals : LHP Tim Wybenga
|
Pitching: LHP Tim Wybenga
|
|
Batting: LHB Jon Ledesma
|
0-0: Swinging Strike 0-1: Ball 1-1: Ball 2-1: Ball 3-1: Base on Balls
|
Batting: LHB Sean Geisler
|
0-0: Ball 1-0: Ball 2-0: Foul Ball, location: 2F 2-1: Grounds into double play, 4-6-3 (Groundball, 34D, EV 98.8 MPH)
|
Batting: RHB Reilly Hawkins
|
0-0: Foul Ball, location: 2F 0-1: Ball 1-1: Foul Ball, location: 2F 1-2: SINGLE (Line Drive, 8LS, EV 89.4 MPH)
|
Batting: SHB Saulo Maina
|
0-0: Ball 1-0: Fielders Choice at 2nd, 6-4 (Groundball, 6, EV 88.8 MPH)
|
Bottom of the 1st over - 0 runs, 1 hit, 0 errors, 1 left on base; Washington 0 - Cincinnati 0 |
TOP OF THE 2ND |
Washington Nationals batting - Pitching for Cincinnati Reds : LHP Jeff Baker
|
Batting: RHB John Sanders
|
0-0: SINGLE (Line Drive, 89M, EV 88.8 MPH)
|
Batting: LHB Armando Carbajal
|
0-0: Ball John Sanders steals 2nd base 1-0: Called Strike 1-1: Foul Ball, location: 2F 1-2: Fly out, F7 (Flyball, 7D, EV 89.4 MPH) Runner from 2nd tags up, SAFE at 3rd with throw by LF
|
Batting: RHB Tommy Baird
|
0-0: Swinging Strike 0-1: Swinging Strike 0-2: Strikes out swinging
|
Batting: RHB Jared Speck
|
0-0: Ball 1-0: Reached on error, E6 (Groundball, 6, EV 101.3 MPH) John Sanders scores
|
Batting: RHB Mike Blair
|
0-0: Foul Ball, location: 2F 0-1: Ball 1-1: Called Strike 1-2: SINGLE (Groundball, 6MD, EV 105.6 MPH) Jared Speck to second Jared Speck to third
|
Batting: SHB Andrew Wray II
|
0-0: Foul Ball, location: 2F 0-1: Ball 1-1: Ball 2-1: Ball 3-1: Foul Ball, location: 2F 3-2: Fly out, F8 (Flyball, 78XD, EV 83.1 MPH)
|
Top of the 2nd over - 1 run, 2 hits, 1 error, 2 left on base; Washington 1 - Cincinnati 0 |
BOTTOM OF THE 2ND |
Cincinnati Reds batting - Pitching for Washington Nationals : LHP Tim Wybenga
|
Batting: SHB Dave Barefoot
|
0-0: Called Strike 0-1: Called Strike 0-2: Ball 1-2: Foul Ball, location: 2F 1-2: Strikes out swinging, 2-3 out at first.
|
Batting: RHB Fred Slade
|
0-0: Swinging Strike 0-1: Swinging Strike 0-2: Foul Ball, location: 2F 0-2: Ground out 5-3 (Groundball, 56S, EV 83.1 MPH)
|
Batting: RHB Omar Quintana
|
0-0: Ball 1-0: Foul Ball, location: 2F 1-1: Ball 2-1: Foul Ball, location: 2F 2-2: Ground out 5-3 (Groundball, 5S, EV 80.0 MPH)
|
Bottom of the 2nd over - 0 runs, 0 hits, 0 errors, 0 left on base; Washington 1 - Cincinnati 0 |
TOP OF THE 3RD |
Washington Nationals batting - Pitching for Cincinnati Reds : LHP Jeff Baker
|
Batting: RHB Luis Torres
|
0-0: Called Strike 0-1: Swinging Strike 0-2: Ball 1-2: Strikes out swinging
|
Batting: RHB C.J. Beavers
|
0-0: Swinging Strike 0-1: Swinging Strike 0-2: Ball 1-2: Ball 2-2: Fly out, F6 (Popup, 6S, EV 70.6 MPH)
|
Batting: SHB Junzo Kato
|
0-0: Ball 1-0: Ball 2-0: Foul Ball, location: 2F 2-1: Fly out, F8 (Flyball, 8RXD, EV 81.3 MPH)
|
Top of the 3rd over - 0 runs, 0 hits, 0 errors, 0 left on base; Washington 1 - Cincinnati 0 |
BOTTOM OF THE 3RD |
Cincinnati Reds batting - Pitching for Washington Nationals : LHP Tim Wybenga
|
Batting: LHB Shawn Morrison
|
0-0: Foul Ball, location: 2F 0-1: Ball 1-1: Foul Ball, location: 2F 1-2: Foul Ball, location: 2F 1-2: Foul Ball, location: 2F 1-2: Fly out, F7 (Flyball, 78M, EV 76.9 MPH)
|
Batting: LHB Satoru Handa
|
0-0: Ground out 5-3 (Groundball, 5S, EV 86.9 MPH)
|
Batting: LHB Jon Ledesma
|
0-0: Ball 1-0: Ball 2-0: Foul Ball, location: 2F 2-1: Ball 3-1: Base on Balls
|
Batting: LHB Sean Geisler
|
0-0: Ball 1-0: Ball 2-0: Ball 3-0: Called Strike 3-1: Foul Ball, location: 2F 3-2: Foul Ball, location: 2F 3-2: Base on Balls Jon Ledesma to second
|
Batting: RHB Reilly Hawkins
|
0-0: Called Strike 0-1: Swinging Strike 0-2: Ball 1-2: Foul Ball, location: 2F 1-2: Strikes out swinging
|
Bottom of the 3rd over - 0 runs, 0 hits, 0 errors, 2 left on base; Washington 1 - Cincinnati 0 |
TOP OF THE 4TH |
Washington Nationals batting - Pitching for Cincinnati Reds : LHP Jeff Baker
|
Batting: RHB John Sanders
|
0-0: Ball 1-0: Foul Ball, location: 2F 1-1: SINGLE (Groundball, P, EV 80.6 MPH) (infield hit)
|
Batting: LHB Armando Carbajal
|
0-0: Called Strike John Sanders steals 2nd base 0-1: Swinging Strike 0-2: Ball 1-2: Foul Ball, location: 2F 1-2: Ball 2-2: Foul Ball, location: 2F 2-2: Ground out U3 (Groundball, 34S, EV 88.8 MPH) John Sanders to third
|
Batting: RHB Tommy Baird
|
0-0: Called Strike 0-1: Swinging Strike 0-2: Ball 1-2: Ball 2-2: Foul Ball, location: 2F 2-2: Strikes out swinging
|
Batting: RHB Jared Speck
|
0-0: Ball 1-0: Fly out, F9 (Line Drive, 9, EV 88.1 MPH)
|
Top of the 4th over - 0 runs, 1 hit, 0 errors, 1 left on base; Washington 1 - Cincinnati 0 |
BOTTOM OF THE 4TH |
Cincinnati Reds batting - Pitching for Washington Nationals : LHP Tim Wybenga
|
Batting: SHB Saulo Maina
|
0-0: Ball 1-0: Ground out 4-3 (Groundball, 34, EV 79.4 MPH)
|
Batting: SHB Dave Barefoot
|
0-0: Ball 1-0: Ball 2-0: Called Strike 2-1: Called Strike 2-2: Ball 3-2: Foul Ball, location: 2F 3-2: Ground out 5-3 (Groundball, 5, EV 86.9 MPH)
|
Batting: RHB Fred Slade
|
0-0: Called Strike 0-1: Fly out, F4 (Popup, 13, EV 74.4 MPH)
|
Bottom of the 4th over - 0 runs, 0 hits, 0 errors, 0 left on base; Washington 1 - Cincinnati 0 |
TOP OF THE 5TH |
Washington Nationals batting - Pitching for Cincinnati Reds : LHP Jeff Baker
|
Batting: RHB Mike Blair
|
0-0: Swinging Strike 0-1: Ball 1-1: Ball 2-1: Swinging Strike 2-2: SINGLE (Line Drive, 6MD, EV 95.6 MPH)
|
Batting: SHB Andrew Wray II
|
0-0: Called Strike 0-1: Ball 1-1: SINGLE (Groundball, P, EV 97.5 MPH) Mike Blair to second
|
Batting: RHB Luis Torres
|
0-0: Foul Ball, location: 2F 0-1: Ball 1-1: Ball 2-1: Ball 3-1: Foul Ball, location: 2F 3-2: Base on Balls Mike Blair to third Andrew Wray II to second
|
Batting: RHB C.J. Beavers
|
0-0: Fly out, F7 (Line Drive, 7, EV 105.6 MPH)
|
Batting: SHB Junzo Kato
|
0-0: Ball 1-0: Ball 2-0: Called Strike 2-1: Ball 3-1: Foul Ball, location: 2F 3-2: Foul Ball, location: 2F 3-2: Base on Balls Mike Blair scores Andrew Wray II to third Luis Torres to second
|
Batting: RHB John Sanders
|
0-0: Called Strike 0-1: Ball 1-1: Called Strike 1-2: Ball 2-2: Ball 3-2: Foul Ball, location: 2F 3-2: Base on Balls Andrew Wray II scores Luis Torres to third Junzo Kato to second
|
Batting: LHB Armando Carbajal
|
0-0: Called Strike 0-1: Swinging Strike 0-2: Ball 1-2: Strikes out swinging
|
Batting: RHB Tommy Baird
|
0-0: Ball 1-0: SINGLE (Groundball, 4MD, EV 104.4 MPH) Luis Torres scores Junzo Kato to third John Sanders to second Runner from 3rd tries for Home, SAFE, throw by CF to home
|
Pitching: RHP Timmy John Aaron-Lee Frank Silveira
|
|
Batting: RHB Jared Speck
|
0-0: Called Strike 0-1: Ball 1-1: Swinging Strike 1-2: Ball 2-2: Ball 3-2: Foul Ball, location: 2F 3-2: Strikes out swinging
|
Top of the 5th over - 4 runs, 3 hits, 0 errors, 2 left on base; Washington 5 - Cincinnati 0 |
BOTTOM OF THE 5TH |
Cincinnati Reds batting - Pitching for Washington Nationals : LHP Tim Wybenga
|
Batting: RHB Omar Quintana
|
0-0: Called Strike 0-1: Fly out, F7 (Line Drive, 7, EV 96.3 MPH)
|
Batting: LHB Shawn Morrison
|
0-0: SINGLE (Line Drive, 3D, EV 100.6 MPH)
|
Batting: LHB Satoru Handa
|
0-0: Ball 1-0: Ball 2-0: SINGLE (Groundball, 34D, EV 106.9 MPH) Shawn Morrison to second Runner from 2nd tries for 3rd, OUT! 9-5 Satoru Handa to second
|
Batting: LHB Jon Ledesma
|
0-0: Called Strike 0-1: Foul Ball, location: 2F 0-2: Ball 1-2: Ball 2-2: Foul Ball, location: 2F 2-2: Foul Ball, location: 2F 2-2: Foul Ball, location: 2F 2-2: Fly out, F8 (Line Drive, 8RD, EV 83.1 MPH)
|
Bottom of the 5th over - 0 runs, 2 hits, 0 errors, 1 left on base; Washington 5 - Cincinnati 0 |
TOP OF THE 6TH |
Washington Nationals batting - Pitching for Cincinnati Reds : RHP Timmy John Aaron-Lee Frank Silveira
|
Now in LF: Satoru Handa
|
|
Now in CF: Willie Cardamone
|
|
Batting: RHB Mike Blair
|
0-0: Swinging Strike 0-1: Ball 1-1: Ground out 6-3 (Groundball, 6, EV 85.0 MPH)
|
Batting: SHB Andrew Wray II
|
0-0: Ball 1-0: Ball 2-0: Called Strike 2-1: Foul Ball, location: 2F 2-2: Foul Ball, location: 2F 2-2: Fly out, F9 (Flyball, 89M, EV 76.3 MPH)
|
Batting: RHB Luis Torres
|
0-0: Called Strike 0-1: Ball 1-1: Ball 2-1: Ball 3-1: Fly out, F8 (Flyball, 8LS, EV 88.8 MPH)
|
Top of the 6th over - 0 runs, 0 hits, 0 errors, 0 left on base; Washington 5 - Cincinnati 0 |
BOTTOM OF THE 6TH |
Cincinnati Reds batting - Pitching for Washington Nationals : LHP Tim Wybenga
|
Batting: LHB Sean Geisler
|
0-0: Called Strike 0-1: Swinging Strike 0-2: Ball 1-2: Ball 2-2: Ball 3-2: Foul Ball, location: 2F 3-2: Ground out 4-3 (Groundball, 4, EV 111.3 MPH)
|
Batting: RHB Reilly Hawkins
|
0-0: Ball 1-0: SINGLE (Line Drive, 4D, EV 96.3 MPH)
|
Batting: SHB Saulo Maina
|
0-0: DOUBLE (Flyball, 89XD, EV 111.3 MPH) Reilly Hawkins to third
|
Batting: SHB Dave Barefoot
|
0-0: Ball 1-0: Swinging Strike 1-1: SINGLE (Groundball, 5S, EV 65.6 MPH) (infield hit) Reilly Hawkins scores Saulo Maina to third
|
Batting: RHB Fred Slade
|
0-0: Called Strike 0-1: Called Strike 0-2: Ball Dave Barefoot steals 2nd base 1-2: Ball 2-2: Foul Ball, location: 2F 2-2: Ground out 6-3 (Groundball, 6, EV 100.6 MPH) Saulo Maina scores
|
Batting: RHB Omar Quintana
|
0-0: Foul Ball, location: 2F 0-1: Ball 1-1: Foul Ball, location: 2F 1-2: Ball 2-2: Ball 3-2: DOUBLE (Line Drive, 7LS, EV 99.4 MPH) Dave Barefoot scores
|
Pitching: LHP Keith Pratt
|
|
Batting: RHB Willie Cardamone
|
0-0: DOUBLE (Line Drive, 7LS, EV 100.6 MPH) Omar Quintana scores
|
Batting: LHB Satoru Handa
|
0-0: Foul Ball, location: 2F 0-1: Ball 1-1: Ball 2-1: Ball 3-1: Foul Ball, location: 2F 3-2: Foul Ball, location: 2F 3-2: Ground out 4-3 (Groundball, 4, EV 103.1 MPH)
|
Bottom of the 6th over - 4 runs, 5 hits, 0 errors, 1 left on base; Washington 5 - Cincinnati 4 |
TOP OF THE 7TH |
Washington Nationals batting - Pitching for Cincinnati Reds : RHP Timmy John Aaron-Lee Frank Silveira
|
Batting: RHB C.J. Beavers
|
0-0: Foul Ball, location: 2F 0-1: Fly out, F9 (Flyball, 89XD, EV 95.6 MPH)
|
Batting: SHB Junzo Kato
|
0-0: Called Strike 0-1: SINGLE (Groundball, 4MD, EV 107.5 MPH)
|
Batting: RHB John Sanders
|
0-0: Ball 1-0: Foul Ball, location: 2F 1-1: Ball 2-1: TRIPLE (Flyball, 78XD, EV 110.0 MPH) Junzo Kato scores
|
Batting: LHB Armando Carbajal
|
0-0: Intentional Walk
|
Batting: RHB Tommy Baird
|
0-0: Ball 1-0: Called Strike 1-1: Fly out, F9 (Flyball, 89S, EV 82.5 MPH) Runner from 3rd tags up, SCORES, throw by RF
|
Batting: RHB Jared Speck
|
0-0: Called Strike 0-1: Fly out, F9 (Flyball, 89XD, EV 110.0 MPH)
|
Top of the 7th over - 2 runs, 2 hits, 0 errors, 1 left on base; Washington 7 - Cincinnati 4 |
BOTTOM OF THE 7TH |
Cincinnati Reds batting - Pitching for Washington Nationals : LHP Keith Pratt
|
Batting: LHB Jon Ledesma
|
0-0: SINGLE (Groundball, 25, EV 72.5 MPH) (infield hit)
|
Batting: LHB Sean Geisler
|
0-0: Ball 1-0: Foul Ball, location: 2F 1-1: Grounds into double play, 4-6-3 (Groundball, 4, EV 93.8 MPH)
|
Batting: RHB Reilly Hawkins
|
0-0: Called Strike 0-1: Swinging Strike 0-2: Ball 1-2: Strikes out looking
|
Bottom of the 7th over - 0 runs, 1 hit, 0 errors, 0 left on base; Washington 7 - Cincinnati 4 |
TOP OF THE 8TH |
Washington Nationals batting - Pitching for Cincinnati Reds : RHP Timmy John Aaron-Lee Frank Silveira
|
Pitching: RHP Westin Silveira
|
|
Batting: RHB Mike Blair
|
0-0: Called Strike 0-1: Ball 1-1: Foul Ball, location: 2F 1-2: Strikes out swinging
|
Batting: SHB Andrew Wray II
|
0-0: Swinging Strike 0-1: Ball 1-1: Swinging Strike 1-2: Ball 2-2: Strikes out swinging
|
Batting: RHB Luis Torres
|
0-0: Ball 1-0: Ball 2-0: Ball 3-0: Called Strike 3-1: Swinging Strike 3-2: Base on Balls
|
Batting: RHB C.J. Beavers
|
0-0: Called Strike Luis Torres steals 2nd base 0-1: Ball 1-1: Called Strike 1-2: Strikes out swinging
|
Top of the 8th over - 0 runs, 0 hits, 0 errors, 1 left on base; Washington 7 - Cincinnati 4 |
BOTTOM OF THE 8TH |
Cincinnati Reds batting - Pitching for Washington Nationals : LHP Keith Pratt
|
Now at 1B: Junzo Kato
|
|
Now at 3B: Masashi Yukizawa
|
|
Now in LF: Andrew Wray II
|
|
Now in CF: Luis Ramos
|
|
Batting: SHB Saulo Maina
|
0-0: Swinging Strike 0-1: SOLO HOME RUN (Flyball, 8RXD, EV 104.4 MPH), Distance : 408 ft
|
Batting: SHB Dave Barefoot
|
0-0: Called Strike 0-1: Ground out 5-3 (Groundball, 56, EV 110.6 MPH)
|
Batting: RHB Fred Slade
|
0-0: Ball 1-0: Ground out 6-3 (Groundball, 6, EV 90.0 MPH)
|
Batting: RHB Omar Quintana
|
0-0: Ball 1-0: Called Strike 1-1: Ground out 4-3 (Groundball, 4, EV 89.4 MPH)
|
Bottom of the 8th over - 1 run, 1 hit, 0 errors, 0 left on base; Washington 7 - Cincinnati 5 |
TOP OF THE 9TH |
Washington Nationals batting - Pitching for Cincinnati Reds : RHP Westin Silveira
|
Batting: SHB Junzo Kato
|
0-0: SINGLE (Line Drive, 78S, EV 96.9 MPH)
|
Batting: RHB John Sanders
|
0-0: Fly out, F8 (Line Drive, 8RD, EV 95.0 MPH)
|
Batting: RHB Luis Ramos
|
0-0: Ball 1-0: Swinging Strike 1-1: Foul Ball, location: 2F 1-2: Ball 2-2: Ball 3-2: Grounds into double play, 4-6-3 (Groundball, 4, EV 82.5 MPH)
|
Top of the 9th over - 0 runs, 1 hit, 0 errors, 0 left on base; Washington 7 - Cincinnati 5 |
BOTTOM OF THE 9TH |
Cincinnati Reds batting - Pitching for Washington Nationals : LHP Keith Pratt
|
Batting: RHB Willie Cardamone
|
0-0: Ball 1-0: Ball 2-0: Called Strike 2-1: Swinging Strike 2-2: SINGLE (Groundball, 34, EV 86.3 MPH) (infield hit)
|
Batting: LHB Satoru Handa
|
0-0: Called Strike 0-1: Ball 1-1: Called Strike 1-2: Foul Ball, location: 2F 1-2: Ball 2-2: Foul Ball, location: 2F 2-2: SINGLE (Line Drive, 89M, EV 91.3 MPH) Willie Cardamone to second
|
Batting: LHB Jon Ledesma
|
0-0: Ball 1-0: Bunted foul 1-1: Sac Bunt to 15 - play at first, batter OUT! 1-4 Willie Cardamone to third Satoru Handa to second
|
Batting: LHB Sean Geisler
|
0-0: Ball 1-0: Ball 2-0: Foul Ball, location: 2F 2-1: Called Strike 2-2: Strikes out swinging
|
Batting: RHB Reilly Hawkins
|
0-0: Ball 1-0: Called Strike 1-1: Ball 2-1: Called Strike 2-2: Foul Ball, location: 2F 2-2: Ball 3-2: Fly out, F3 (Popup, 34S, EV 73.1 MPH)
|
Bottom of the 9th over - 0 runs, 2 hits, 0 errors, 2 left on base; Washington 7 - Cincinnati 5 |
|